 Dungeon Crawl Stone Soup version 0.28-a0-1429-gf3d713df7a (webtiles) character file.

Game seed: 4248726456711377893

1 southernslant the Poker (level 1, -13/12 HPs)
             Began as a Gargoyle Gladiator on Jan 9, 2022.
             Mangled by a kobold (18 damage)
             ... on level 1 of the Dungeon.
             The game lasted 00:00:20 (49 turns).

southernslant the Poker (Gargoyle Gladiator)          Turns: 49, Time: 00:00:21

Health: -13/12     AC:  6    Str: 17    XL:     1   Next: 20%
Magic:  1/1        EV: 12    Int:  8    God:
Gold:   9          SH:  0    Dex: 11    Spells: 0/0 levels left

rFire   . . .      SeeInvis .   a - +0 trident
rCold   . . .      Faith    .   (no shield)
rNeg    + . .      Spirit   .   b - +0 leather armour
rPois   ∞          Reflect  .   c - +0 helmet
rElec   +          Harm     .   (no cloak)
rCorr   .          Rampage  .   (no gloves)
Will    .....                   (no boots)
Stlth   +.........              (no amulet)
HPRegen 0.04/turn               (no ring)
MPRegen 0.07/turn               (no ring)

@: no status effects
A: sickness immunity, AC +2, negative energy resistance 1, electricity
resistance, torment resistance 1, petrification resistance
a: no special abilities


You were on level 1 of the Dungeon.
You visited 1 branch of the dungeon, and saw 1 of its levels.

You collected 9 gold pieces.

Inventory:

Hand Weapons
 a - a +0 trident (weapon)
Missiles
 d - 3 throwing nets (quivered)
 f - 42 stones
Armour
 b - a +0 leather armour (worn)
 c - a +0 helmet (worn)
Scrolls
 g - a scroll of identify {unknown}
Potions
 e - a potion of invisibility {unknown}


   Skills:
 * Level 2.2 Fighting
 * Level 2.7 Polearms
 + Level 1.7 Throwing
 + Level 0.0 Armour
 + Level 2.4 Dodging


You couldn't memorise any spells.
You didn't know any spells.
Your spell library was empty.

Dungeon Overview and Level Annotations

Branches:
Dungeon (1/15)

Altars:


Innate Abilities, Weirdness & Mutations

You are immune to sickness and miasma.
Your stone body is resilient. (AC +2)
You are immune to poison.
You resist negative energy. (rN+)
You are resistant to electric shocks. (rElec)
You are resistant to unholy torment.
You are immune to petrification.


Message History

Welcome, southernslant the Gargoyle Gladiator.
The fabulous Orb of Zot lies far below, as if waiting for you to find it.
Press ? for a list of commands and other information.
Found a fizzy orange potion, 19 stones, 9 gold pieces and a leather armour.
Found an escape hatch in the floor.
Found a staircase leading out of the dungeon.
There is a fountain of clear blue water here.
There is a shaft here.
e - a fizzy orange potion No target in view!
You see here 19 stones.
f - 19 stones
f - 42 stones (gained 23)
You see here a +0 robe.
You now have 9 gold pieces.
There is a dry fountain here.
A giant cockroach and a kobold come into view.
The kobold is wielding a +1 whip of distortion.
The kobold shouts!
You see here a scroll labelled WUWOCZ LYGGU.
g - a scroll labelled WUWOCZ LYGGU
Found a stone staircase leading down.
You hit the giant cockroach.
The giant cockroach is severely wounded.
The giant cockroach closely misses you.
You puncture the giant cockroach!
You kill the giant cockroach!
You closely miss the kobold.
The kobold hits you with a +1 whip of distortion.
Space warps around you.
You closely miss the kobold. The kobold closely misses you.
You closely miss the kobold. The kobold closely misses you.
You closely miss the kobold. Your punch misses the kobold.
The kobold hits you but does no damage. Space warps horribly around you!!
Ouch! That really hurt!
You die...

#.>........#
#..........#
#..........#
#..........# .........#
.......#### #..#K....#
#@#B....# #K#.....###
#....$.....
##########.##########
##...................#
#..........⌠..........#
#......⌠......[⌠......#
##.............[.....#
##..⌠...⌠...⌠...⌠..##


You could see a kobold.

Vanquished Creatures
  A giant cockroach (D:1)
1 creature vanquished.

Notes
Turn   | Place    | Note
-------+----------+-------------------------------------------
     0 | D:1      | southernslant the Gargoyle Gladiator began the quest for
                  | the Orb.
     0 | D:1      | Reached XP level 1. HP: 12/12 MP: 1/1
    49 | D:1      | Mangled by a kobold

Illustrated notes

Levels and vault maps discovered:
D:1:      dpeg_arrival_lava_temple_mockup, layout_rooms

Action                   || total
-------------------------++-------
Melee: Trident           ||     6
Armor: Leather armour    ||     1
Dodge: Dodged            ||     3

Table legend: (Time is in decaauts)
 A = Elapsed time spent in this place.
 B = Non-inter-level travel time spent in this place.
 C = Inter-level travel time spent in this place.
 D = Time resting spent in this place.
 E = Time spent auto-exploring this place.
 F = Levels seen in this place.
 G = Mean time per level.
                   A        B        C        D        E       F      G
               +--------+--------+--------+--------+--------+-----+--------+
         Total |     49 |     49 |      0 |      0 |     31 |   1 |   49.0 |
       Dungeon |     49 |     49 |      0 |      0 |     31 |   1 |   49.0 |
               +--------+--------+--------+--------+--------+-----+--------+

Top non-repeatable levels by time:
     D:1: 49 daAuts
